[Event "Early-Titled-Tuesday-Blitz-October-03-2023"]
[Site "Chess.com"]
[Date "2023.10.03"]
[Round "8"]
[White "LoaySameer"]
[Black "Aleksandar-Topalov"]
[Result "0-1"]
[WhiteElo "2572"]
[BlackElo "2425"]
[TimeControl "180+1"]
[EndTime "9:27:06 PDT"]
[Termination "Aleksandar-Topalov won by resignation"]

1. d4 Nf6 2. c4 c5 3. e3 g6 4.
Nf3 Bg7 5. Nc3 O-O 6. dxc5 Na6 7. Na4 Nxc5 8. Nxc5 Qa5+ 9. Bd2 Qxc5 10. Bc3 d6 11. Be2 a5 12. O-O Bd7 13. Rb1 Bc6 14.
Nd4 Ne4 15. Nxc6 bxc6 16. Bxg7 Kxg7 17. Qd4+ Qxd4 18. exd4 Nd2 19. Rfd1 Nxb1 20. Rxb1 c5 21. d5 Rab8 22. Bd1 Rb4 23. b3 Rfb8 24. Rc1 a4 25. Kf1 axb3 26. Bxb3 e6 27. dxe6 fxe6 28. Rd1 R8b6 29.
Ke2 Kf6 30. Kd3 d5 31. cxd5 Rd4+ 32. Kc3 Rxd1 33. Bxd1 exd5 34. Bf3 Ke5 35. Kc2 Kd4 36. Be2 c4 0-1

[Event "Early-Titled-Tuesday-Blitz-October-03-2023"]
[Site "Chess.com"]
[Date "2023.10.03"]
[Round "8"]
[White "Marcin"]
[Black "ajedrezhoy"]
[Result "1-0"]
[WhiteElo "2505"]
[BlackElo "2366"]
[TimeControl "180+1"]
[EndTime "9:27:08 PDT"]
[Termination "Marcin won by resignation"]

1. Nf3 Nf6 2. c4 b6 3. g3 c5 4. Bg2 Bb7 5. O-O g6 6. b3 Bg7 7.
Bb2 O-O 8. d4 cxd4 9. Qxd4 d6 10. Nc3 Nbd7 11. Rad1 a6 12. Qd3 Nc5 13. Qb1 Nfe4 14.
Nxe4 Bxe4 15. Qa1 Bxb2 16. Qxb2 b5 17. Rd4 bxc4 18. Rxc4 a5 19. Rd1 Qb6 20. Rdd4 Bc6 21. Rh4 a4 22. Rxh7 e5 23. Rch4 axb3 24. Qd2 Ne4 25. Qh6 Qxf2+ 26. Kh1 1-0

[Event "Early-Titled-Tuesday-Blitz-October-03-2023"]
[Site "Chess.com"]
[Date "2023.10.03"]
[Round "8"]
[White "whiteglovethief"]
[Black "Sanyura"]
[Result "0-1"]
[WhiteElo "2523"]
[BlackElo "2668"]
[TimeControl "180+1"]
[EndTime "9:27:11 PDT"]
[Termination "Sanyura won by resignation"]

1. d4 Nf6 2. c4 g6 3. Nc3 Bg7 4. e4 d6 5. Nf3 O-O 6. Be2 e5 7. O-O Nc6 8. d5 Ne7 9. Ne1 Ne8 10. Be3 f5 11. f3 f4 12. Bf2 g5 13. a4 h5 14. a5 Rf7 15. c5 Bf8 16. cxd6 cxd6 17. Nb5 g4 18. Bxa7 Ng6 19. Bb6 Qh4 20. Bc4 Rg7 21.
fxg4 hxg4 22. Qc2 Rh7 23. g3 fxg3 24. hxg3 Qh1+ 25. Kf2 Rh2+ 26. Ke3 Bh6+ 27. Kd3 Qxf1+ 28. Kc3 Rxc2+ 29. Nxc2 Qf3+ 30. Kb4 Qxe4 31. Nca3 Bd2+ 32. Ka4 Bd7 33. Rd1 Bxa5 34. Bxa5 Bxb5+ 35. Kxb5 Qe3 36. Bb6 Nc7+ 37. Kb4 Qxb6+ 0-1

[Event "Early-Titled-Tuesday-Blitz-October-03-2023"]
[Site "Chess.com"]
[Date "2023.10.03"]
[Round "8"]
[White "ajedrez-facil"]
[Black "maracayo"]
[Result "0-1"]
[WhiteElo "2270"]
[BlackElo "2395"]
[TimeControl "180+1"]
[EndTime "9:27:12 PDT"]
[Termination "maracayo won by resignation"]

1. e4 d6 2. d4 Nf6 3. Nc3 c6 4. Bg5 Nbd7 5. Nf3 Qa5 6. Qd2 e5 7. dxe5 dxe5 8. a3 Bb4 9. Bd3 Bxc3 10. Qxc3 Qxc3+ 11. bxc3 O-O 12. Bxf6 gxf6 13. Ke2 Nc5 14. Nh4 Be6 15. f3 Rfd8 16. g4 b5 17.
Nf5 Kf8 18. Rhd1 Na4 19. Kd2 c5 20. Ke3 Nxc3 21. Rg1 c4 22. Be2 Bxf5 23. gxf5 Ke7 24. Rg7 h5 25. Rag1 a5 26. h4 Nxe2 27. Kxe2 b4 28.
axb4 axb4 29. Rb1 b3 30. cxb3 Ra2+ 31. Ke1 Rh2 32. Rg1 c3 33. Rc1 Rd3 34. b4 c2 35.
b5 Re3+ 36. Kf1 Rxf3+ 37. Ke1 Re3+ 38. Kf1 Rxe4 39. b6 Rb4 40. Rg2 Rb1 0-1

[Event "Early-Titled-Tuesday-Blitz-October-03-2023"]
[Site "Chess.com"]
[Date "2023.10.03"]
[Round "8"]
[White "jk13"]
[Black "ploxoi"]
[Result "1-0"]
[WhiteElo "2633"]
[BlackElo "2464"]
[TimeControl "180+1"]
[EndTime "9:27:22 PDT"]
[Termination "jk13 won by resignation"]

1. e4 c5 2. c3 d5 3. exd5 Qxd5 4. d4 Nf6 5. Nf3 e6 6. Na3 Nc6 7. Be3 cxd4 8. Nb5 Qd8 9. Nbxd4 Nxd4 10. Bxd4 a6 11. Bd3 Be7 12. O-O O-O 13. Ne5 Qc7 14. Qf3 Bc5 15. Bxc5 Qxc5 16. Rfe1 Rd8 17. Rad1 Bd7 18.
Qxb7 Rab8 19. Nxd7 Nxd7 20. Qe4 Nf6 21. Qe2 a5 22. Bc4 Rdc8 23. b3 h5 24. h3 Qa3 25.
Rd2 Qc5 26. a4 Qg5 27. Qe3 Qh4 28. Rd4 Ng4 29. hxg4 hxg4 30. Qe4 Qf6 31. Qxg4 Rc5 32. Qf4 1-0

[Event "Early-Titled-Tuesday-Blitz-October-03-2023"]
[Site "Chess.com"]
[Date "2023.10.03"]
[Round "8"]
[White "pasteta13"]
[Black "hellokostya"]
[Result "0-1"]
[WhiteElo "2429"]
[BlackElo "2554"]
[TimeControl "180+1"]
[EndTime "9:27:30 PDT"]
[Termination "hellokostya won by resignation"]

1. e4 c5 2. Ne2 Nc6 3. g3 e6 4. Bg2 Nf6 5. c3 d5 6. exd5 Nxd5 7. d4 Be7 8. O-O O-O 9. c4 Nf6 10. d5 exd5 11. cxd5 Ne5 12. Bf4 Bd6 13. Nbc3 Re8 14. Nb5 Bg4 15. Nxd6 Qxd6 16. h3 Bf5 17. Nc3 a6 18. a4 Nfd7 19. g4 Bg6 20. Ne4 Bxe4 21. Bxe4 Qf6 22. Bg3 Rad8 23. a5 h6 24. b3 Ng6 25.
Qf3 Qd4 26. Rfd1 Qxe4 0-1

[Event "Early-Titled-Tuesday-Blitz-October-03-2023"]
[Site "Chess.com"]
[Date "2023.10.03"]
[Round "8"]
[White "MaxLeto"]
[Black "Nekoo04"]
[Result "1-0"]
[WhiteElo "2484"]
[BlackElo "2308"]
[TimeControl "180+1"]
[EndTime "9:27:30 PDT"]
[Termination "MaxLeto won by resignation"]

1. g4 f6 2. Bg2 Kf7 3. d4 e6 4. c4 d5 5. Nc3 c6 6. e4 dxc4 7.
Nge2 e5 8. h3 Na6 9. a3 exd4 10.
Nxd4 Nc5 11. O-O Nd3 12. Nf5 Bc5 13. Be3 Bxf5 14. Bxc5 Nxc5 15. exf5 Qxd1 16. Raxd1 Ne7 17. Rd4 b5 18. Rfd1 Nd3 19. b3 Rad8 20. Rxd8 Rxd8 21. bxc4 bxc4 22. Be4 Rd4 23. f3 h5 24. Ne2 Nf4 25.
Nxd4 Nxh3+ 26. Kg2 Nf4+ 27. Kg3 Ned5 28. Nxc6 Ne2+ 29.
Kf2 Ndc3 30. Rd7+ 1-0

[Event "Early-Titled-Tuesday-Blitz-October-03-2023"]
[Site "Chess.com"]
[Date "2023.10.03"]
[Round "8"]
[White "Actuary44"]
[Black "ViktoriyaTarasova"]
[Result "1-0"]
[WhiteElo "2507"]
[BlackElo "2380"]
[TimeControl "180+1"]
[EndTime "9:27:33 PDT"]
[Termination "Actuary44 won by resignation"]

1. e4 e5 2. Nf3 Nc6 3. Bb5 Nf6 4. d3 Bc5 5. O-O Nd4 6. Ba4 Nxf3+ 7. Qxf3 h6 8. c3 Qe7 9. Nd2 c6 10. Bc2 O-O 11. Nb3 Bb6 12. d4 d6 13. h3 a5 14.
a4 Be6 15. Be3 Bxb3 16. Bxb3 exd4 17. cxd4 Qxe4 18. Qg3 Bxd4 19. Bxh6 Nh5 20. Qg5 Qe5 21. Qg4 d5 22. Bc2 Qf6 23. Bg5 Qg6 24. Bxg6 1-0

[Event "Early-Titled-Tuesday-Blitz-October-03-2023"]
[Site "Chess.com"]
[Date "2023.10.03"]
[Round "8"]
[White "JACK_BAU3R"]
[Black "Khromkin"]
[Result "0-1"]
[WhiteElo "2031"]
[BlackElo "2457"]
[TimeControl "180+1"]
[EndTime "9:27:33 PDT"]
[Termination "Khromkin won by resignation"]

1. d4 d5 2. c3 c5 3. Bf4 Nc6 4. e3 Bf5 5. Bd3 Bg6 6. Nf3 e6 7. Qe2 Bd6 8. Bg3 Nf6 9. Nbd2 O-O 10. Ne5 Bxe5 11. dxe5 Nd7 12. Bxg6 fxg6 13. f4 c4 14. Nf3 Nc5 15. O-O-O b5 16. h4 b4 17. h5 bxc3 18. hxg6 cxb2+ 19. Kb1 h6 20. Nd4 Nxd4 21.
Rxd4 Qe8 22. Bh4 Qxg6+ 23. Kxb2 Rab8+ 24. Ka1 Rb6 25. Be7 Rfb8 26. Rdd1 Nb3+ 27. axb3 Ra6+ 28. Kb2 Rxb3+ 29. Kc1 Ra1+ 30. Kd2 Ra2+ 31. Ke1 Rxe2+ 32. Kxe2 Qxg2+ 0-1

[Event "Early-Titled-Tuesday-Blitz-October-03-2023"]
[Site "Chess.com"]
[Date "2023.10.03"]
[Round "8"]
[White "ozates"]
[Black "Balla_Tamas"]
[Result "1-0"]
[WhiteElo "2626"]
[BlackElo "2452"]
[TimeControl "180+1"]
[EndTime "9:27:38 PDT"]
[Termination "ozates won by resignation"]

1. e4 c5 2. Nf3 Nc6 3. Bb5 Nf6 4. Nc3 Nd4 5. e5 Nxb5 6. Nxb5 Nd5 7. Ng5 f6 8. Qh5+ g6 9. Qf3 fxg5 10. Qxd5 a6 11. Nc3 Bg7 12. Qxc5 O-O 13. d4 d6 14. Qc4+ Kh8 15. Bxg5 dxe5 16. dxe5 Qa5 17. O-O Qxe5 18. Bh4 Be6 19. Qb4 Rf4 20. Qxb7 Rb8 21. Qxe7 Rbf8 22. Bg3 R8f6 23. Rae1 1-0

[Event "Early-Titled-Tuesday-Blitz-October-03-2023"]
[Site "Chess.com"]
[Date "2023.10.03"]
[Round "8"]
[White "Cheer_Down"]
[Black "AnaKuchava"]
[Result "1-0"]
[WhiteElo "2393"]
[BlackElo "2235"]
[TimeControl "180+1"]
[EndTime "9:27:39 PDT"]
[Termination "Cheer_Down won on time"]

1. e4 c5 2. Nf3 d6 3. Bb5+ Bd7 4.
Bxd7+ Qxd7 5. c4 Nf6 6. Nc3 Nc6 7. d4 cxd4 8. Nxd4 g6 9. f3 Bg7 10. Be3 a6 11. O-O O-O 12. Qd3 Rac8 13. b3 Rfd8 14.
Rac1 e6 15. Rfd1 d5 16. Nxc6 bxc6 17. e5 Ne8 18. f4 Qb7 19. Na4 d4 20. Nc5 Qa8 21.
Bxd4 Bf8 22. Qe3 1-0

[Event "Early-Titled-Tuesday-Blitz-October-03-2023"]
[Site "Chess.com"]
[Date "2023.10.03"]
[Round "8"]
[White "LaPiToB"]
[Black "MidnightFox"]
[Result "0-1"]
[WhiteElo "2291"]
[BlackElo "2481"]
[TimeControl "180+1"]
[EndTime "9:27:54 PDT"]
[Termination "MidnightFox won by resignation"]

1. d4 Nf6 2. c4 e5 3. dxe5 Ne4 4.
Nf3 Bb4+ 5. Nbd2 b6 6. a3 Bxd2+ 7. Bxd2 Bb7 8. e3 Nc6 9. Bd3 Nc5 10. Bc2 Qe7 11. Bc3 Rg8 12. O-O g5 13. b4 Ne6 14.
Nd4 Nxe5 15. Nf5 Qf6 16. Ra2 O-O-O 17. a4 Kb8 18. a5 Nf3+ 19. gxf3 Qxc3 20. axb6 axb6 21.
Nd4 g4 22. f4 Qxc4 23. Bb3 Qxb4 24. Qa1 Nxd4 0-1

[Event "Early-Titled-Tuesday-Blitz-October-03-2023"]
[Site "Chess.com"]
[Date "2023.10.03"]
[Round "8"]
[White "Henryk_S"]
[Black "IngOscarArdila"]
[Result "0-1"]
[WhiteElo "2154"]
[BlackElo "2324"]
[TimeControl "180+1"]
[EndTime "9:27:55 PDT"]
[Termination "IngOscarArdila won on time"]

1. e4 e5 2. Nf3 Nf6 3. Nc3 Nc6 4. Bb5 Bb4 5. O-O O-O 6. d3 d6 7. Bg5 Bxc3 8. bxc3 Qe7 9. Bxc6 bxc6 10. c4 h6 11. Bh4 g5 12. Bg3 Bg4 13. h3 Bh5 14. Re1 Rab8 15.
Re3 Rb6 16. Rb1 Rfb8 17. Rb3 Kg7 18. Qd2 Nd7 19. h4 f6 20. Qa5 Nc5 21. Rxb6 cxb6 22. Qa3 Ne6 23. Qa4 c5 24. Qc6 Be8 25. Qd5 Nc7 26. hxg5 Nxd5 27. gxh6+ Kxh6 28. cxd5 Bd7 29. Bh4 Qg7 30. Nh2 f5 31. Rg3 Qf7 32. Bg5+ Kh7 33.
Nf3 f4 34. Bxf4 Qxf4 35. Ng5+ Kh8 0-1

[Event "Early-Titled-Tuesday-Blitz-October-03-2023"]
[Site "Chess.com"]
[Date "2023.10.03"]
[Round "8"]
[White "a-z30"]
[Black "Javylavilla"]
[Result "0-1"]
[WhiteElo "2496"]
[BlackElo "2391"]
[TimeControl "180+1"]
[EndTime "9:27:57 PDT"]
[Termination "Javylavilla won by resignation"]

1. d3 d5 2. Nf3 Nf6 3. g3 g6 4.
Bg2 Bg7 5. O-O O-O 6. c4 dxc4 7. dxc4 Nc6 8. Nc3 Be6 9. Qa4 Qc8 10. Rd1 Bh3 11. Nd5 Nxd5 12. cxd5 Bxg2 13. Kxg2 Ne5 14.
Nxe5 Bxe5 15. e4 h5 16. f4 Bg7 17. e5 h4 18. Be3 Qg4 19. Qe4 Qe2+ 20. Kg1 hxg3 21.
hxg3 Qxb2 22. Rac1 Rac8 23. Rc2 Qb5 24. Rdc1 Rfd8 25.
Rxc7 Rxc7 26. Rxc7 Rxd5 27. Rc8+ Bf8 28. f5 Rd1+ 29.
Kh2 Qe2+ 30. Qg2 Qxe3 31. e6 Rd2 32. exf7+ Kxf7 33. fxg6+ Kg7 34. Rxf8 0-1

[Event "Early-Titled-Tuesday-Blitz-October-03-2023"]
[Site "Chess.com"]
[Date "2023.10.03"]
[Round "8"]
[White "wild3000"]
[Black "MokshAD1603"]
[Result "0-1"]
[WhiteElo "2427"]
[BlackElo "2614"]
[TimeControl "180+1"]
[EndTime "9:27:59 PDT"]
[Termination "MokshAD1603 won by checkmate"]

1. d4 d5 2. Nf3 Nf6 3. e3 c5 4. dxc5 e6 5. c4 a5 6. Nc3 Bxc5 7. Be2 O-O 8. O-O Nc6 9. b3 d4 10. Na4 Ba7 11. exd4 Nxd4 12. Nxd4 Bxd4 13. Bb2 e5 14. Qc2 Bd7 15. Bxd4 exd4 16. Nc5 Bc6 17. Bd3 Re8 18.
Rfe1 Qd6 19. Na4 Ng4 20. g3 Qh6 21. h4 Ne5 22. Rxe5 Rxe5 23. Nb2 Rae8 24. Rf1 Bf3 25. c5 Rh5 26. Qc1 Rxh4 27. Qxh6 Rxh6 28. Nc4 Rh1# 0-1

[Event "Early-Titled-Tuesday-Blitz-October-03-2023"]
[Site "Chess.com"]
[Date "2023.10.03"]
[Round "8"]
[White "Murad_Ibrahimli"]
[Black "djano"]
[Result "1-0"]
[WhiteElo "2908"]
[BlackElo "2670"]
[TimeControl "180+1"]
[EndTime "9:28:00 PDT"]
[Termination "Murad_Ibrahimli won by resignation"]

1. e4 c5 2. Nf3 Nc6 3. Bb5 e5 4. Nc3 Nge7 5. Nd5 d6 6. Bc4 Be6 7. Ng5 Ng6 8. d3 Be7 9. h4 O-O 10. Qh5 h6 11. Nxe6 fxe6 12. Qxg6 exd5 13. Bxd5+ Kh8 14.
Bxh6 Rg8 15. Bg5 Qe8 16. Bf7 Qxf7 17. Qxf7 Rgf8 18. Qh5+ Kg8 19. c3 Rf7 20. Ke2 Raf8 21. Raf1 Nd8 22. Be3 Ne6 23. Rh3 Nf4+ 24. Bxf4 exf4 25.
Rf3 b6 26. g3 fxg3 27. Rxf7 1-0

[Event "Early-Titled-Tuesday-Blitz-October-03-2023"]
[Site "Chess.com"]
[Date "2023.10.03"]
[Round "8"]
[White "SharapovEvgeny"]
[Black "Kgutierrez95"]
[Result "1-0"]
[WhiteElo "2592"]
[BlackElo "2235"]
[TimeControl "180+1"]
[EndTime "9:28:03 PDT"]
[Termination "SharapovEvgeny won by resignation"]

1. e4 c6 2. d4 d5 3. e5 Bf5 4.
Be3 e6 5. c4 Nd7 6. Nc3 dxc4 7.
Bxc4 Ne7 8. Nge2 Nd5 9. O-O Be7 10. Ng3 Bg6 11. Qg4 Nxe3 12. fxe3 O-O 13. Nce4 Nb6 14.
Bb3 Nd5 15. Rf3 Bh4 16. Raf1 Bxg3 17. Nxg3 c5 18. h4 cxd4 19. exd4 h6 20. h5 Bh7 21. Ne4 Bxe4 22. Qxe4 Qd7 23. Bc2 f5 24. exf6 Rxf6 25. Qh7+ Kf7 26. Bg6+ Ke7 27. Qxg7+ Kd6 28. Qxd7+ Kxd7 29.
Rxf6 Nxf6 30. Rxf6 1-0

[Event "Early-Titled-Tuesday-Blitz-October-03-2023"]
[Site "Chess.com"]
[Date "2023.10.03"]
[Round "8"]
[White "MightyGMpretender"]
[Black "DenLaz"]
[Result "0-1"]
[WhiteElo "2817"]
[BlackElo "3063"]
[TimeControl "180+1"]
[EndTime "9:28:04 PDT"]
[Termination "DenLaz won by resignation"]

1. e4 c5 2. Nf3 e6 3. c3 d5 4.
exd5 Qxd5 5. d4 Nf6 6. Be3 cxd4 7. cxd4 Bb4+ 8. Nc3 Bd7 9. Be2 Bb5 10. O-O Bxc3 11. bxc3 Bxe2 12. Qxe2 O-O 13. c4 Qh5 14. a4 Nc6 15. Rfb1 b6 16. Rb5 Qg4 17. h3 Qe4 18. Qb2 Rac8 19. Nd2 Qd3 20. Rg5 h6 21. Rg3 Nh5 22. Rf3 Qg6 23. Qb5 f5 24. Nb3 Kh7 25. Re1 Rfd8 26. a5 bxa5 27. c5 e5 28. Nxa5 e4 29.
Nxc6 exf3 0-1

[Event "Early-Titled-Tuesday-Blitz-October-03-2023"]
[Site "Chess.com"]
[Date "2023.10.03"]
[Round "8"]
[White "szachuspl"]
[Black "CSB7"]
[Result "0-1"]
[WhiteElo "2539"]
[BlackElo "2750"]
[TimeControl "180+1"]
[EndTime "9:28:04 PDT"]
[Termination "CSB7 won by resignation"]

1. d4 d5 2. c4 c6 3. Nc3 e6 4.
Nf3 Nf6 5. Bg5 dxc4 6. e4 b5 7. e5 h6 8. Bh4 g5 9. exf6 gxh4 10. Ne5 Qxf6 11. Be2 Nd7 12. Nxc6 Bb7 13. Bf3 a6 14. O-O Rc8 15. d5 Bxc6 16. dxc6 Ne5 17. Re1 Nxf3+ 18.
gxf3 Rxc6 19. Qd5 Qg5+ 20. Qxg5 hxg5 21. a4 b4 22. Ne4 Be7 23. Rac1 O-O 24. Nd2 Rfc8 25.
Re4 c3 26. bxc3 bxc3 27. Nb3 c2 28. Nd4 Rc4 0-1

[Event "Early-Titled-Tuesday-Blitz-October-03-2023"]
[Site "Chess.com"]
[Date "2023.10.03"]
[Round "8"]
[White "falzehope0"]
[Black "Mr_ruthless"]
[Result "0-1"]
[WhiteElo "2363"]
[BlackElo "2495"]
[TimeControl "180+1"]
[EndTime "9:28:05 PDT"]
[Termination "Mr_ruthless won on time"]

1. d4 Nf6 2. e3 g6 3. Bd3 Bg7 4.
f4 O-O 5. Nf3 d6 6. O-O Nbd7 7. f5 e5 8. fxe6 fxe6 9. Ng5 Nb6 10.
Qe1 Nfd5 11. Qg3 Nb4 12. Nc3 Nxd3 13. cxd3 Rxf1+ 14. Kxf1 Nd5 15. Bd2 Bd7 16. Kg1 Nb4 17. Rf1 Nxd3 18. Nf7 Qe7 19. Ne4 Rf8 20. Neg5 Be8 0-1

[Event "Early-Titled-Tuesday-Blitz-October-03-2023"]
[Site "Chess.com"]
[Date "2023.10.03"]
[Round "8"]
[White "Daffidollchess2"]
[Black "Krakozia"]
[Result "0-1"]
[WhiteElo "2710"]
[BlackElo "3012"]
[TimeControl "180+1"]
[EndTime "9:28:08 PDT"]
[Termination "Krakozia won by resignation"]

1. e4 c5 2. Nf3 e6 3. d4 cxd4 4. Nxd4 a6 5. Bd3 Nf6 6. Qe2 Qc7 7. c4 d6 8. Nc3 Nbd7 9. O-O Ne5 10. f4 Qb6 11. Be3 Neg4 12. Kh1 Nxe3 13. Qxe3 Ng4 14. Na4 Qa7 15. Qe2 Qxd4 16. Qxg4 Qxd3 17. Nb6 h5 18.
Qg5 Rb8 19. f5 Qxe4 20. Rf4 Qe5 21. Raf1 Be7 22. Qg3 h4 23. Qd3 O-O 24. Re4 Qxb2 25. Nxc8 Rbxc8 26. f6 Bxf6 27. Re2 Qc3 0-1

[Event "Early-Titled-Tuesday-Blitz-October-03-2023"]
[Site "Chess.com"]
[Date "2023.10.03"]
[Round "8"]
[White "mortngabriel"]
[Black "UNSTOPPABLE_LEGEND"]
[Result "0-1"]
[WhiteElo "2564"]
[BlackElo "2466"]
[TimeControl "180+1"]
[EndTime "9:28:08 PDT"]
[Termination "UNSTOPPABLE_LEGEND won by resignation"]

1. d4 Nf6 2. Nf3 d5 3. c4 e6 4. Nc3 c5 5. cxd5 Nxd5 6. e4 Nxc3 7. bxc3 cxd4 8. cxd4 Bb4+ 9. Bd2 Bxd2+ 10. Qxd2 O-O 11. Bc4 Nd7 12. O-O b6 13. Rfe1 Bb7 14. Bb3 Rc8 15. Rad1 h6 16. Qe3 Nf6 17. Qf4 Qc7 18. Ne5 Nd7 19. Qg3 Nxe5 20. dxe5 Rcd8 21. Rd6 Bxe4 22. h4 Bb7 23. Red1 a5 24. Qd3 Rxd6 25. exd6 Qc6 26.
f3 Qc5+ 27. Kh1 Rd8 28. Bc2 g6 29. Bb3 Bd5 30. Qd2 Rxd6 31. h5 Bxb3 32. Qxd6 Qxh5+ 33. Kg1 Bxd1 34. Qxd1 Qc5+ 0-1

[Event "Early-Titled-Tuesday-Blitz-October-03-2023"]
[Site "Chess.com"]
[Date "2023.10.03"]
[Round "8"]
[White "kidagent"]
[Black "Mystery2007"]
[Result "0-1"]
[WhiteElo "2271"]
[BlackElo "2473"]
[TimeControl "180+1"]
[EndTime "9:28:12 PDT"]
[Termination "Mystery2007 won by resignation"]

1. c4 e5 2. g3 c6 3. Bg2 d5 4. cxd5 cxd5 5. Nc3 Nf6 6. d4 e4 7. Bg5 Bb4 8. Qb3 Bxc3+ 9. bxc3 Nbd7 10. f3 exf3 11.
Nxf3 h6 12. Bxf6 Nxf6 13. O-O O-O 14. Ne5 b6 15. Rxf6 Qxf6 16. Bxd5 Be6 17. Rf1 Bxd5 18. Qxd5 Qe7 19. e4 Qe6 20. Rxf7 Qxd5 21. Rxf8+ Kxf8 22. exd5 Ke7 23. c4 Kd6 24. Kf2 Rf8+ 25. Ke3 Rf1 26.
Ke4 Re1+ 27. Kf5 Rd1 28. Nf7+ Ke7 29. Kg6 Rxd4 30. Kxg7 Rg4+ 31. Kxh6 Kxf7 0-1

[Event "Early-Titled-Tuesday-Blitz-October-03-2023"]
[Site "Chess.com"]
[Date "2023.10.03"]
[Round "8"]
[White "ChessicallyInclined"]
[Black "ezkybel"]
[Result "1-0"]
[WhiteElo "2779"]
[BlackElo "2471"]
[TimeControl "180+1"]
[EndTime "9:28:13 PDT"]
[Termination "ChessicallyInclined won by resignation"]

1. e4 e6 2. d4 d5 3. Nc3 Bb4 4.
e5 c5 5. Bd2 Ne7 6. a3 Bxc3 7.
Bxc3 cxd4 8. Qxd4 Nbc6 9. Qg4 Ng6 10. Nf3 h5 11. Qg3 h4 12. Qg4 Nce7 13. Bd3 Bd7 14. Bb4 Nf5 15. O-O-O a5 16. Bd2 b5 17. Rhe1 Qb6 18. Be3 Qb7 19. Bxf5 exf5 20. Qg5 Be6 21. Nd4 Ra6 22. Nxf5 b4 23. Nd6+ Rxd6 24. exd6 O-O 25. Bd4 bxa3 26. Rxe6 1-0

[Event "Early-Titled-Tuesday-Blitz-October-03-2023"]
[Site "Chess.com"]
[Date "2023.10.03"]
[Round "8"]
[White "Elbebiber"]
[Black "Heydarli77"]
[Result "0-1"]
[WhiteElo "2135"]
[BlackElo "2304"]
[TimeControl "180+1"]
[EndTime "9:28:15 PDT"]
[Termination "Heydarli77 won by checkmate"]

1. f4 f5 2. Nf3 Nf6 3. e3 e6 4.
b3 b6 5. Bb2 Bb7 6. Be2 Be7 7.
O-O O-O 8. Ne5 d6 9. Nf3 Qe8 10. Bc4 Bd8 11. Ng5 d5 12. Be2 Nbd7 13. Nf3 c5 14. Ne5 Bc7 15. d4 cxd4 16. exd4 Ne4 17. Nd2 Nxe5 18. fxe5 Rc8 19. Nxe4 dxe4 20. Qd2 Qd8 21.
Rad1 Qd5 22. c4 Qd7 23. Qe3 Qe7 24. g3 g5 25. Rf2 Rf7 26. Rdf1 Rcf8 27. Bc1 h6 28. Bh5 Rg7 29. Rg2 Kh7 30. Be2 Rfg8 31. Bd2 f4 32. Qc3 f3 33. Rgf2 fxe2 34. Rxe2 Rf8 35.
Qe3 Rgf7 36. Rxf7+ Qxf7 37. Be1 Qf1# 0-1

[Event "Early-Titled-Tuesday-Blitz-October-03-2023"]
[Site "Chess.com"]
[Date "2023.10.03"]
[Round "8"]
[White "taleslascando"]
[Black "lluiss"]
[Result "1-0"]
[WhiteElo "2029"]
[BlackElo "2202"]
[TimeControl "180+1"]
[EndTime "9:28:23 PDT"]
[Termination "taleslascando won by checkmate"]

1. e4 e6 2. d4 d5 3. Nc3 c5 4. exd5 exd5 5. Bb5+ Nc6 6. Qe2+ Be6 7. Nf3 Be7 8. dxc5 d4 9. Ne4 Qa5+ 10. Bd2 Qc7 11.
Nxd4 Bd5 12. Nd6+ Kf8 13. Bxc6 Bxc6 14. O-O-O Nf6 15. N4f5 Nd5 16. Qh5 Bf6 17. c4 Nb6 18. cxb6 Qxb6 19. Qxf7# 1-0

[Event "Early-Titled-Tuesday-Blitz-October-03-2023"]
[Site "Chess.com"]
[Date "2023.10.03"]
[Round "8"]
[White "Martial2008"]
[Black "Good_Knight_Kiss"]
[Result "1-0"]
[WhiteElo "2608"]
[BlackElo "2426"]
[TimeControl "180+1"]
[EndTime "9:28:24 PDT"]
[Termination "Martial2008 won on time"]

1. d4 Nf6 2. Nf3 g6 3. Bg5 Bg7 4. Nbd2 d6 5. e4 h6 6. Bh4 O-O 7. c3 Nc6 8. Bd3 e5 9. O-O exd4 10. cxd4 g5 11. Bg3 g4 12. e5 gxf3 13. exf6 fxg2 14.
fxg7 gxf1=Q+ 15. Qxf1 Kxg7 16. Qg2 Kh8 17. Qe4 f5 18.
Qf4 Qg5 19. Nf3 Qxf4 20. Bxf4 Kh7 21. Rc1 Rf7 22. a3 Be6 23. Re1 Bd5 24. Nh4 Be4 25.
Bc4 Rg7+ 26. Kf1 Rg4 27. Bg3 Nxd4 28. Rd1 f4 29. Rxd4 fxg3 30. Rxe4 Rxe4 31. Bd3 d5 32. f3 gxh2 33. Kg2 Re8 34. Kxh2 Kg7 35. fxe4 dxe4 36.
Be2 Kf6 37. Kg3 Ke5 38. Kf2 Kd4 39. Nf5+ Kc5 40. Nxh6 b5 41. Ke3 a6 42. Ng4 Re7 43. Nf6 1-0

[Event "Early-Titled-Tuesday-Blitz-October-03-2023"]
[Site "Chess.com"]
[Date "2023.10.03"]
[Round "8"]
[White "NovoselovRoman"]
[Black "Leonid_Starozhilov"]
[Result "1-0"]
[WhiteElo "2624"]
[BlackElo "2728"]
[TimeControl "180+1"]
[EndTime "9:28:25 PDT"]
[Termination "NovoselovRoman won on time"]

1. e4 g6 2. Nc3 Bg7 3. g3 c5 4. Bg2 Nc6 5. d3 e5 6. Be3 d6 7. Qd2 h6 8. h4 Nf6 9. O-O-O Be6 10.
f4 Ng4 11. h5 Nxe3 12. Qxe3 exf4 13. gxf4 Bxc3 14. bxc3 Qa5 15. hxg6 fxg6 16. f5 Bxa2 17. Rxh6 Rxh6 18. Qxh6 O-O-O 19. Ne2 Ne5 20. fxg6 Rg8 21. g7 Qd8 22. c4 b5 23. Bh3+ Kb7 24. Be6 Re8 25.
Bd5+ Kb6 26. g8=Q Rxg8 27. Bxg8 Qxg8 28. Qxd6+ Nc6 29. cxb5 Qg5+ 30. Kb2 Kxb5 31. Nc3+ Kb6 32. Kxa2 1-0

[Event "Early-Titled-Tuesday-Blitz-October-03-2023"]
[Site "Chess.com"]
[Date "2023.10.03"]
[Round "8"]
[White "FERNANDEZL1983"]
[Black "Juicy_Fork"]
[Result "1-0"]
[WhiteElo "2593"]
[BlackElo "2452"]
[TimeControl "180+1"]
[EndTime "9:28:25 PDT"]
[Termination "FERNANDEZL1983 won on time"]

1. d4 Nf6 2. Bf4 g6 3. Nc3 d5 4. Nf3 Bg7 5. e3 O-O 6. Be2 a6 7. Ne5 c5 8. dxc5 Qa5 9. O-O Qxc5 10. Na4 Qa5 11. c4 Nc6 12. Nxc6 bxc6 13. Be5 Be6 14. c5 Ne4 15. Bxg7 Kxg7 16. Qd4+ Kg8 17. Nb6 Rab8 18. b4 Qa3 19. Bd3 Bf5 20. Rfc1 e5 21. Qxe5 Qxd3 22. Qd4 Qe2 23. Rf1 Qc2 24. f3 Nc3 25.
Kh1 Nb5 26. Qf6 Qc3 27. Qxc6 Qxb4 28. Nxd5 Kg7 29. Nxb4 1-0

[Event "Early-Titled-Tuesday-Blitz-October-03-2023"]
[Site "Chess.com"]
[Date "2023.10.03"]
[Round "8"]
[White "guillembaches"]
[Black "MAGMAchess02"]
[Result "1/2-1/2"]
[WhiteElo "2500"]
[BlackElo "2366"]
[TimeControl "180+1"]
[EndTime "9:28:28 PDT"]
[Termination "Game drawn by repetition"]

1. d4 d5 2. Nf3 Bf5 3. Bg5 h6 4. Bh4 g5 5. Bg3 Bg7 6. e3 c6 7. Bd3 Bxd3 8. Qxd3 Nf6 9. Nbd2 Nbd7 10. h4 Nh5 11.
hxg5 Nxg3 12. fxg3 hxg5 13. Rxh8+ Bxh8 14. Qh7 Bf6 15. Nxg5 Bxg5 16. Qg8+ Nf8 17. Qxg5 Qa5 18. c3 Qa4 19. Nb3 a5 20. Qe5 Qb5 21. O-O-O a4 22.
Nc5 a3 23. b3 Qe2 24. Rd2 Qe1+ 25. Kc2 Qa1 26. Kd3 Qf1+ 27. Kc2 Qa1 28. Kd3 Qf1+ 29.
Kc2 Qa1 1/2-1/2